Map: Sequencer LE

Players

Yata - Winner!

  • Race: Zerg Zerg
  • League: Silver
  • Spawn Location: 1:00

A.I. 1 (Easy)

  • Race: Zerg Zerg
  • Spawn Location: 7:00

VOD

Have the link to the VOD?

Description

Time

  • Played on: July 11, 2017, 12:45 p.m.
  • Length: 10:50
Show
View Real Time Build Order
Export as new Build Order

Yata Zerg - Winner!

Build Orders: Hatch First 

Get SALT Encoding   

  12  0:04  Drone  
  13  0:13  Overlord  
  13  0:19  Drone  
  14  0:31  Drone x2  
  16  0:37  Drone  
  17  0:47  Drone  
  18  0:52  Extractor  
  17  1:07  Hatchery  
  16  1:13  Spawning Pool  
  15  1:20  Drone x2  
  15  1:22  Drone  
  18  1:33  Drone  
  19  1:42  Drone  
  20  1:54  Overlord  
  20  1:59  Queen  
  22  2:02  Metabolic Boost  
  22  2:18  Zergling x4  
  24  2:27  Queen  
  26  2:31  Drone x2  
  26  2:35  Queen  
  30  2:50  Baneling Nest  
  29  3:06  Queen  
  29  3:09  Overlord  
  29  3:11  Drone x2  
  29  3:12  Drone  
  32  3:41  Drone x2  
  32  3:42  Drone x2  
  32  3:43  Drone x3  
  32  3:44  Drone  
  32  3:45  Drone  
  32  3:46  Drone  
  42  4:07  Lair  
  42  4:09  Hatchery  
  41  4:11  Roach Warren  
  41  4:15  Zergling x2  
  41  4:16  Zergling x6  
  44  4:36  Pneumatized Carapace  
  44  5:13  Evolution Chamber  
  42  5:44  Overlord  
  42  5:45  Overlord x2, Unknown  
  40  5:55  Baneling  
  40  5:56  Baneling x2  
  40  6:13  Overlord x2  
  40  6:26  Roach x10  
  40  6:27  Roach x2  
  63  6:42  Zerg Missile Weapons Level 1  
  63  6:57  Ravager  
  64  7:06  Extractor  
  64  7:07  Spore Crawler  
  62  7:13  Extractor  
  61  7:16  Extractor  
  60  7:25  Glial Reconstitution  
  60  7:52  Ravager  
  60  7:53  Ravager  
  62  8:02  Drone x3  
  62  8:03  Drone x8  
  62  8:04  Drone x4  
  77  8:43  Roach  
  77  8:44  Roach  
  73  9:25  Roach  
  73  9:26  Roach x3  
  81  9:37  Overlord x4  
  81  9:58  Roach  
  81  9:59  Roach x15  
Show
View Real Time Build Order
Export as new Build Order

A.I. 1 (Easy) Zerg 

Build Orders: Hatch First 

Get SALT Encoding   

  12  0:01  Drone  
  13  0:12  Overlord  
  13  0:17  Drone  
  14  0:31  Drone  
  14  0:35  Drone  
  16  0:50  Hatchery  
  16  0:52  Drone  
  16  1:10  Spawning Pool  
  16  1:11  Extractor  
  14  1:13  Drone  
  14  1:17  Drone  
  16  1:24  Overlord  
  16  1:58  Zergling x2, Queen  
  16  1:59  Zergling x2  
  16  2:00  Roach Warren  
  19  2:01  Extractor  
  19  2:03  Drone  
  19  2:10  Drone  
  20  2:29  Drone  
  21  2:33  Drone  
  22  2:38  Drone  
  22  2:42  Roach, Drone  
  22  2:43  Roach  
  28  2:48  Drone  
  29  2:53  Drone  
  30  2:59  Overlord  
  30  3:08  Roach  
  32  3:14  Drone  
  32  3:18  Drone  
  33  3:23  Drone  
  34  3:27  Drone  
  34  3:32  Drone  
  34  3:33  Lair  
  34  3:47  Drone  
  35  3:51  Drone  
  35  3:55  Overlord  
  36  3:58  Drone  
  36  4:02  Drone  
  38  4:06  Drone  
  39  4:11  Drone  
  39  4:13  Roach  
  39  4:15  Drone  
  43  4:19  Drone  
  43  4:20  Overlord  
  44  4:27  Drone  
  45  4:32  Hydralisk Den, Drone  
  45  4:39  Roach, Drone  
  48  4:49  Overlord, Drone  
  48  4:51  Overseer  
  49  4:53  Overseer  
  50  5:00  Drone  
  50  5:03  Hydralisk  
  50  5:04  Extractor  
  51  5:08  Drone  
  51  5:12  Extractor, Drone  
  52  5:17  Drone  
  53  5:21  Drone  
  53  5:22  Overlord  
  53  5:25  Drone  
  55  5:28  Hydralisk  
  55  5:32  Drone  
  58  5:37  Drone  
  58  5:42  Drone, Queen  
  60  5:46  Drone  
  61  5:50  Drone  
  61  5:54  Roach  
  61  5:55  Drone  
  61  5:56  Overlord  
  65  6:04  Drone  
  66  6:08  Drone  
  67  6:12  Drone  
  67  6:16  Drone  
  69  6:18  Hydralisk  
  70  6:44  Zergling x2  
  71  8:58  Hydralisk  
  54  9:19  Overlord, Overseer  
  54  9:21  Queen  
  54  9:24  Zergling x2  
  56  9:38  Zergling x2  
  56  9:39  Overlord  
  56  9:42  Overseer  
  56  9:45  Evolution Chamber  
  54  9:47  Hatchery  
  54  9:51  Hydralisk  
  50  9:57  Pneumatized Carapace, Drone  
  41  10:02  Drone  
  41  10:04  Roach, Hatchery  
  41  10:07  Drone  
  40  10:11  Drone  
  40  10:15  Drone  
  40  10:17  Roach  
  40  10:20  Drone  
  41  10:24  Drone  
  36  10:28  Hatchery  
  36  10:32  Drone  
  23  10:37  Drone  
Tags
 
League
Silver
Matchup
ZvZ
Race
Zerg
Replay Pack
Pack 1
Spawn Locations
Cross Positions
Add a new tag
Caveats
  • Supply blocks, unpowered buildings, or Contaminate may cause inaccurate times.
  • Supply counts are checked every 10 seconds.